 Dungeon Crawl Stone Soup version 0.30-a0-250-g41c1d76940 (webtiles) character file.

Game seed: 18130861395662812913

2809 funkygono the Arsonist (level 9, -4/48 HPs)
             Began as a Gargoyle Fire Elementalist on Oct 12, 2022.
             Killed from afar by a steam dragon (11 damage)
             ... with a ball of steam
             ... on level 9 of the Dungeon.
             The game lasted 00:12:34 (7135 turns).

funkygono the Arsonist (Gargoyle Fire Elementalist) Turns: 7135, Time: 00:12:35

Health: -4/48      AC:  9    Str: 12    XL:     9   Next: 72%
Magic:  0/20       EV: 16    Int: 20    God:
Gold:   351        SH:  0    Dex: 10    Spells: 13/23 levels left

rFire   . . .      SeeInvis .    h - +0 whip
rCold   . . .      Faith    .    (no shield)
rNeg    + . .      Spirit   .    y - +1 robe {Archmagi}
rPois   ∞          Reflect  .    (no helmet)
rElec   +          Harm     .    (no cloak)
rCorr   .          Rampage  .    (no gloves)
Will    .....      Archmagi +    (no boots)
Stlth   ++........               (no amulet)
HPRegen 0.28/turn                v - +4 ring of evasion
MPRegen 0.17/turn                (no ring)

@: no status effects
A: sickness immunity, AC +6, negative energy resistance 1, electricity
resistance, torment resistance 1, petrification resistance
a: no special abilities


You were on level 9 of the Dungeon.
You visited 1 branch of the dungeon, and saw 7 of its levels.

You collected 351 gold pieces.

Inventory:

Hand Weapons
 h - a +0 whip (weapon)
 q - a +0 morningstar
Armour
 a - a +0 robe
 i - +0 steam dragon scales
 j - a +2 robe of fire resistance
 y - a +1 robe of the Archmagi (worn)
 B - the +1 leather armour of Lotycud {rF+ Will+ Str+2 Int-2}
   (You took it off a gnoll on level 5 of the Dungeon)

   Str:       It affects your strength (+2).
   Int:       It affects your intelligence (-2).
   rF:        It protects you from fire.
   Will:      It increases your willpower.
Magical Staves
 x - a staff of earth
Jewellery
 s - an amulet of faith
 v - a +4 ring of evasion (left hand)
Wands
 b - a wand of roots (2)
 C - a wand of flame (16)
Scrolls
 c - a scroll of blinking
 d - 3 scrolls of identify
 e - 3 scrolls of torment
 g - a scroll of enchant armour
 k - a scroll of magic mapping
 m - a scroll of teleportation
 o - a scroll of enchant weapon {unknown}
 r - a scroll of fear
 u - a scroll of poison
 w - a scroll of fog
Potions
 f - a potion of haste
 l - 2 potions of lignification
 n - 3 potions of curing
 p - 2 potions of heal wounds
 t - a potion of flight {unknown}
 z - a potion of ambrosia
 A - a potion of attraction


   Skills:
 + Level 2.0 Fighting
 + Level 1.2 Maces & Flails
 + Level 3.5 Dodging
 - Level 2.1 Stealth
 + Level 7.6 Spellcasting
 + Level 5.1 Conjurations
 + Level 8.4 Fire Magic
 + Level 0.4 Air Magic
 + Level 0.1 Evocations


You had 13 spell levels left.
You knew the following spells:

 Your Spells              Type           Power      Damage    Failure   Level
a - Foxfire               Conj/Fire      100%       2x1d9     1%          1
b - Scorch                Fire           100%       2d10      1%          2
c - Kindle Blastsparks    Fire/Tloc/Air  58%        2d14      8%          3
d - Flame Wave            Conj/Fire      51%        2d13      5%          4

Your spell library contained the following spells:

 Spells                   Type           Power      Damage    Failure   Level
 Inner Flame              Hex/Fire       36%        N/A       4%          3
 Call Canine Familiar     Summ           11%        N/A       26%         3
 Portal Projectile        Hex/Tloc       22%        N/A       26%         3
 Leda's Liquefaction      Hex/Erth       5%         N/A       65%         4


Dungeon Overview and Level Annotations

Branches:
Dungeon (6/15)
 Temple: D:4-7

Altars:
Ru
Trog
Uskayaw


Innate Abilities, Weirdness & Mutations

You are immune to sickness and miasma.
Your stone body is resilient. (AC +6)
You are immune to poison.
You resist negative energy. (rN+)
You are resistant to electric shocks. (rElec)
You are resistant to unholy torment.
You are immune to petrification.


Message History

A steam dragon comes into view.
The steam dragon hisses angrily.
The steam dragon breathes steam at you. The ball of steam misses you.
You start resting.
A steam dragon is nearby!
Casting: Flame Wave (dangerous; 5% risk of failure)
Confirm with . or Enter, or press ? or * to list all spells.
You feel a surge of power!
Flames lash the steam dragon.
The steam dragon is moderately wounded.
The steam dragon's fire resistance burns away.
Casting: Scorch (safe; 1% risk of failure)
Confirm with . or Enter, or press ? or * to list all spells.
You feel a surge of power!
Flames lash the steam dragon.
The steam dragon is burned terribly!
The steam dragon is moderately wounded.
The steam dragon breathes steam at you. The ball of steam hits you!
* * * LOW HITPOINT WARNING * * *
You closely miss the steam dragon.
The steam dragon is moderately wounded.
You are engulfed in a cloud of scalding steam.
The steam dragon closely misses you. The steam dragon barely misses you.
The steam dragon breathes steam at you. The ball of steam misses you.
The steam dragon closely misses you. The steam dragon barely misses you.
Unknown command.
You barely miss the steam dragon.
The steam dragon is moderately wounded.
The steam dragon barely misses you. The steam dragon closely misses you.
You completely miss the steam dragon.
The steam dragon is moderately wounded.
The steam dragon bites you but does no damage.
The steam dragon closely misses you.
Casting: Scorch (safe; 1% risk of failure)
Confirm with . or Enter, or press ? or * to list all spells.
You feel a surge of power!
You conjure some foxfire!
The steam dragon breathes steam at you. The ball of steam hits you!
You die...

#. #.
##.#######
........#
#D.##.#v#
..##.@v#
#§###D.#
#.###..#
#......#
#####.##
#.# ..#
###


You could see a steam dragon (catching breath, combustible, ally target).

Vanquished Creatures
  A yak (D:9)
  A wyvern (D:6)
  Eustachio (D:6)
  A steam dragon (D:6)
  2 water moccasins (D:5)
  A sky beast (D:6)
  An orc warrior (D:6)
  2 black bears (D:5)
  An ice beast (D:6)
  An ogre (D:5)
  2 phantoms
  A necrophage (D:5)
  4 scorpions
  5 killer bees (D:9)
  3 howler monkeys
  7 orc priests
  A hound (D:6)
  2 gnoll boudas (D:4)
  3 iguanas
  2 orc wizards
  Terence (D:3)
  10 gnolls
  3 adders
  A white imp (D:6)
  3 worms
  12 dart slugs
  24 orcs
  6 ball pythons
  5 bats
  7 endoplasms
  3 giant cockroaches
  5 goblins
  9 hobgoblins
  A kobold (D:1)
  2 frilled lizards
  8 rats
142 creatures vanquished.

Vanquished Creatures (others)
  515 foxfires
515 creatures vanquished.

Grand Total: 657 creatures vanquished

Notes
Turn   | Place    | Note
-------+----------+-------------------------------------------
     0 | D:1      | funkygono the Gargoyle Fire Elementalist began the quest
                  | for the Orb.
     0 | D:1      | Reached XP level 1. HP: 10/10 MP: 3/3
   347 | D:1      | Reached XP level 2. HP: 15/15 MP: 3/5
   394 | D:1      | Learned a level 2 spell: Scorch
  1102 | D:2      | Reached XP level 3. HP: 19/19 MP: 1/6
  1106 | D:2      | Learned a level 3 spell: Kindle Blastsparks
  1781 | D:2      | Reached XP level 4. HP: 24/24 MP: 4/8
  2350 | D:3      | Noticed Terence
  2365 | D:3      | Killed Terence
  2366 | D:3      | Reached skill level 4 in Fire Magic
  2366 | D:3      | Reached XP level 5. HP: 28/28 MP: 0/10
  2371 | D:3      | Learned a level 4 spell: Flame Wave
  2506 | D:3      | Found a sacrificial altar of Ru.
  3540 | D:4      | Reached XP level 6. HP: 30/32 MP: 4/11
  4056 | D:4      | Reached skill level 5 in Fire Magic
  4232 | D:4      | Reached XP level 7. HP: 33/37 MP: 5/13
  4550 | D:5      | Entered Level 5 of the Dungeon
  4608 | D:5      | Reached skill level 1 in Fighting
  4727 | D:4      | Reached skill level 5 in Spellcasting
  4958 | D:5      | Identified the +1 leather armour of Lotycud {rF+ Will+
                  | Str+2 Int-2}
  5008 | D:4      | HP: 1/38 [gnoll bouda/+0 club (7)]
  5237 | D:5      | Reached skill level 6 in Fire Magic
  5237 | D:5      | Reached XP level 8. HP: 43/43 MP: 8/15
  5868 | D:5      | Found a bloodstained altar of Trog.
  6208 | D:6      | Reached skill level 7 in Fire Magic
  6365 | D:6      | Reached XP level 9. HP: 45/48 MP: 8/19
  6550 | D:6      | Noticed Eustachio
  6576 | D:6      | Killed Eustachio
  6577 | D:6      | Reached skill level 1 in Maces & Flails
  6788 | D:6      | Reached skill level 8 in Fire Magic
  6841 | D:6      | Reached skill level 5 in Conjurations
  7009 | D:6      | Found a hide-covered altar of Uskayaw.
  7068 | D:6      | You fall into a shaft and drop 3 floors!
  7135 | D:9      | Killed from afar by a steam dragon

Illustrated notes

Levels and vault maps discovered:
D:1:      dpeg_arrival_lava_temple_mockup, layout_loops_ring
D:2:      minmay_door_path, layout_basic
D:3:      layout_basic, mainiacjoe_overflow_small_starburst, uniq_terence
D:4:      kennysheep_slugbush, layout_basic, st_stairs_3
D:5:      layout_loops_cross, trog_ov_bears_minmay
D:6:      layout_cave_pools, marbit_many_paths, minmay_crystal_room,
          uniq_crazy_yiuf_cottage, uniq_eustachio
D:9:      layout_loops_cross, mainiacjoe_overflow_catwalk

Skill      XL: |  1  2  3  4  5  6  7  8  9 |
---------------+----------------------------+-----
Spellcasting   | 3 4 5 6 7 |  7.6
Fire Magic     | 4 5 6 7 8 |  8.4
Conjurations   | 2 3 4 5 |  5.1
Dodging        | 2 3 |  3.5
Fighting       | 1 2 |  2.0
Maces & Flails | 1 |  1.2
Stealth        | |  2.1
Air Magic      | |  0.4
Evocations     | |  0.1

Action                   |  1- 3 |  4- 6 |  7- 9 || total
-------------------------+-------+-------+-------++-------
Melee: Whip              |    13 |    62 |    41 ||   116
       Punch             |       |     1 |     2 ||     3
 Cast: Foxfire           |    50 |   104 |   140 ||   294
       Scorch            |     6 |    14 |    44 ||    64
       Kindle Blastspark |       |       |     1 ||     1
       Flame Wave        |       |       |     3 ||     3
Evoke: Wand              |       |       |     4 ||     4
  Use: Potion            |       |       |     4 ||     4
       Scroll            |       |       |    19 ||    19
Armor: Robe              |     3 |    19 |    58 ||    80
Dodge: Dodged            |     7 |    58 |   147 ||   212

Table legend: (Time is in decaauts)
 A = Elapsed time spent in this place.
 B = Non-inter-level travel time spent in this place.
 C = Inter-level travel time spent in this place.
 D = Time resting spent in this place.
 E = Time spent auto-exploring this place.
 F = Levels seen in this place.
 G = Mean time per level.
                   A        B        C        D        E       F      G
               +--------+--------+--------+--------+--------+-----+--------+
         Total |   7159 |   6950 |    209 |    449 |   5391 |   7 | 1022.7 |
       Dungeon |   7159 |   6950 |    209 |    449 |   5391 |   7 | 1022.7 |
               +--------+--------+--------+--------+--------+-----+--------+

Top non-repeatable levels by time:
     D:3: 1420 daAuts
     D:4: 1405 daAuts
     D:5: 1359 daAuts
     D:2: 1185 daAuts
     D:6: 913 daAuts
     D:1: 806 daAuts
     D:9: 67 daAuts
